 Dungeon Crawl Stone Soup version 0.25-a0-786-g5b70d41e48 (webtiles) character file.

Game seed: 10031123861178433433, levelgen mode: deterministic

1316 Fukker the Bolt Thrower (level 8, -1/56 HPs)
             Began as a Demonspawn Hunter on Apr 18, 2020.
             Slain by an ogre
             ... wielding a +0 giant spiked club
              (28 damage)
             ... on level 6 of the Dungeon.
             The game lasted 00:09:58 (5872 turns).

Fukker the Bolt Thrower (Demonspawn Hunter)         Turns: 5872, Time: 00:09:58

Health: -1/56      AC: 11    Str: 14    XL:     8   Next: 33%
Magic:  8/8        EV: 11    Int: 14    God:
Gold:   251        SH:  6    Dex: 13    Spells: 7/7 levels left

rFire    . . .     SeeInvis .   a - +1 hand crossbow
rCold    + . .     Gourm    .   (no shield)
rNeg     . . .     Faith    .   D - +0 ring mail {rC+}
rPois    +         Spirit   .   s - +1 hat
rElec    .         Reflect  .   q - +2 cloak {rPois}
rCorr    .         Harm     .   (no gloves)
MR       .....                  (no boots)
Stlth    +.........             (no amulet)
HPRegen  0.18/turn              E - +1 ring of protection
MPRegen  0.11/turn              (no ring)

@: no status effects
A: antennae 1, large bone plates 2, rot immunity
a: no special abilities


You were on level 6 of the Dungeon.
You were not hungry.

You visited 2 branches of the dungeon, and saw 7 of its levels.

You collected 251 gold pieces.

Inventory:

Hand Weapons
 a - a +1 hand crossbow (weapon)
 b - a +0 short sword
 o - a +0 whip of venom
Missiles
 d - 12 bolts (quivered)
 e - 146 stones
 h - 34 poisoned darts
 k - 39 sling bullets
 A - 6 curare-tipped darts
Armour
 c - a +0 leather armour
 q - a +2 cloak of poison resistance (worn)
 s - a +1 hat (worn)
 D - a +0 ring mail of cold resistance (worn)
Jewellery
 y - an uncursed amulet of faith
 E - a +1 ring of protection (left hand)
Scrolls
 g - a scroll of enchant weapon {unknown}
 i - 6 scrolls of remove curse
 m - 2 scrolls of immolation {unknown}
 p - 2 scrolls of teleportation {unknown}
 r - 5 scrolls of identify
 w - 2 scrolls of magic mapping {unknown}
 z - a scroll of noise {unknown}
Potions
 j - 3 potions of heal wounds
 l - 2 potions of curing
 n - 3 potions of ambrosia {unknown}
 t - 2 potions of brilliance {unknown}
 u - 2 potions of might {unknown}
 v - a potion of magic {unknown}
 x - a potion of resistance {unknown}
 B - a potion of degeneration {unknown}
 C - a potion of flight {unknown}
Comestibles
 f - 13 rations


   Skills:
 - Level 2.0 Fighting
 - Level 1.3 Short Blades
 + Level 5.9 Maces & Flails
 + Level 6.6 Crossbows
 + Level 0.1 Throwing
 + Level 3.7 Armour
 - Level 1.7 Dodging
 - Level 0.8 Stealth


You had 7 spell levels left.
You didn't know any spells.
Your spell library contained the following spells:

 Spells                   Type           Power        Failure   Level  Hunger
 Corona                   Hex            #......      50%         1    ##.....
 Ensorcelled Hibernation  Hex/Ice        #.....       63%         2    ###....
 Confusing Touch          Hex            #.......     86%         3    ####...
 Dazzling Flash           Conj/Hex       #.....       86%         3    ####...
 Gell's Gravitas          Tloc           #.........   86%         3    ####...
 Tukima's Dance           Hex            #.......     86%         3    ####...
 Petrify                  Tmut/Erth      #.......     99%         4    #####..
 Metabolic Englaciation   Hex/Ice        #.........   100%        5    ######.
 Yara's Violent Unravell  Hex/Tmut       #.........   100%        5    ######.


Dungeon Overview and Level Annotations

Branches:
Dungeon (6/15)             Temple (1/1) D:6

Altars:
Cheibriados
Dithmenos
Elyvilon
Fedhas
Gozag
Hepliaklqana
Kikubaaqudgha
Makhleb
Nemelex Xobeh
Okawaru
Ru
Sif Muna
Trog
Uskayaw
Vehumet
Wu Jian
Yredelemnul
Zin
The Shining One

Shops:
D:4 (%==

Annotations:
D:3 1 runed translucent door


Innate Abilities, Weirdness & Mutations

You have a pair of small antennae on your head.
You are mostly covered in large bone plates. (SH +6)
You are immune to rotting.


Message History

You are too injured to fight recklessly!
Firing (i - inventory. (/) - cycle)
d - 15 bolts (quivered)
Press: ? - help, Shift-Dir - straight line, f/p - ogre
Aim: an ogre, wielding a +0 giant spiked club (heavily wounded)
You shoot a bolt. The bolt barely misses the ogre.
Firing (i - inventory. (/) - cycle)
d - 14 bolts (quivered)
Press: ? - help, Shift-Dir - straight line, f/p - ogre
Aim: an ogre, wielding a +0 giant spiked club (heavily wounded)
You shoot a bolt.
The bolt hits the ogre but does no damage.
The ogre is heavily wounded.
You block the ogre's attack.
Firing (i - inventory. (/) - cycle)
d - 13 bolts (quivered)
Press: ? - help, Shift-Dir - straight line, f/p - ogre
Aim: an ogre, wielding a +0 giant spiked club (heavily wounded)
You shoot a bolt. The bolt hits the ogre.
The ogre is severely wounded.
The ogre hits you with a +0 giant spiked club!!
Ouch! That really hurt!
You die...

#.........##...
#.........####.
#............'.
#.........##.#.
#.........##.#.
#......[.<.#...
#........#.####
(..#.#########.####.....
(...(.O@................
#####.#########.#####....
######.... #.........# #....
#........# #.######### #....
#........###.#### #....
#............>..# ####....
#.........##.##.#######.......
#........[##.##...............
####...##....##.............##


You could see an ogre.

Vanquished Creatures
  A water moccasin (D:6)
  A sky beast (D:6)
  An ice beast (D:3)
  A necrophage (D:6)
  2 centaurs
  A bullfrog (D:5)
  4 scorpions
  2 crimson imps (D:6)
  2 hounds
  An orc priest (D:2)
  2 orc wizards
  A bullfrog skeleton (D:5)
  A centaur skeleton (D:4)
  3 worker ants
  A hound skeleton (D:4)
  2 howler monkey zombies
  5 adders
  2 oozes
  3 dart slugs
  2 worms
  A leopard gecko (D:3)
  8 orcs
  A bat (D:1)
  5 giant cockroaches
  7 goblins
  10 hobgoblins
  14 kobolds
  A quokka (D:3)
  6 frilled lizards
  A goblin zombie (D:3)
  A jackal skeleton (D:3)
  9 rats
  A spectral orc (D:3)
103 creatures vanquished.

Notes
Turn   | Place    | Note
-------+----------+-------------------------------------------
     0 | D:1      | Fukker the Demonspawn Hunter began the quest for the Orb.
     0 | D:1      | Reached XP level 1. HP: 16/16 MP: 1/1
   106 | D:1      | Reached skill level 4 in Crossbows
   118 | D:1      | Gained mutation: You are immune to rotting. [demonic
                  | ancestry]
   118 | D:1      | Reached XP level 2. HP: 11/22 MP: 2/2
   692 | D:1      | Reached XP level 3. HP: 16/27 MP: 3/3
  1405 | D:2      | Found a shadowy altar of Dithmenos.
  1818 | D:2      | Found a hazy altar of Hepliaklqana.
  1904 | D:2      | Gained mutation: You are partially covered in large bone
                  | plates. (SH +4) [demonic ancestry]
  1904 | D:2      | Reached XP level 4. HP: 33/33 MP: 4/4
  1998 | D:2      | Reached skill level 1 in Short Blades
  1998 | D:2      | Reached skill level 5 in Crossbows
  2016 | D:2      | Reached skill level 1 in Armour
  2081 | D:2      | Found a snail-covered altar of Cheibriados.
  2119 | D:2      | Reached XP level 5. HP: 33/38 MP: 5/5
  2722 | D:3      | Found a sparkling altar of Nemelex Xobeh.
  2728 | D:3      | Found a runed translucent door.
  2728 | D:3      | Noticed a human
  2735 | D:3      | Found a basalt altar of Yredelemnul.
  2781 | D:3      | Noticed an ice beast
  2791 | D:3      | Killed an ice beast
  3115 | D:3      | Gained mutation: You are mostly covered in large bone
                  | plates. (SH +6) [demonic ancestry]
  3115 | D:3      | Reached XP level 6. HP: 43/44 MP: 6/6
  3164 | D:3      | Found a basalt altar of Yredelemnul.
  3341 | D:4      | Found a hide-covered altar of Uskayaw.
  3372 | D:4      | Reached skill level 6 in Crossbows
  3472 | D:4      | Found a blossoming altar of Fedhas.
  3477 | D:4      | Found Waunt's Jewellery Shoppe.
  3481 | D:4      | Reached skill level 1 in Maces & Flails
  3692 | D:4      | Found Fecalid's Food Shop.
  3703 | D:4      | Found Syighoz's Jewellery Boutique.
  3868 | D:4      | Found Fuf Zipo's Antique Weapon Emporium.
  3877 | D:4      | Reached XP level 7. HP: 41/50 MP: 7/7
  3904 | D:4      | Found an ornate altar of the Wu Jian Council.
  3944 | D:4      | Found a radiant altar of Vehumet.
  4255 | D:5      | Entered Level 5 of the Dungeon
  5338 | D:6      | Gained mutation: You have a pair of small antennae on your
                  | head. [demonic ancestry]
  5338 | D:6      | Reached XP level 8. HP: 56/56 MP: 8/8
  5359 | D:6      | Reached skill level 5 in Maces & Flails
  5427 | D:6      | Found a staircase to the Ecumenical Temple.
  5483 | Temple   | Entered the Ecumenical Temple
  5872 | D:6      | Slain by an ogre

Levels and vault maps discovered:
D:1:      lightli_arrival_statuegarden, layout_basic, minmay_bisected
D:2:      cheibrodos_pilgrimage, layout_basic, old_standard_altar,
          kennysheep_slug_shrine, nicolae_overflow_crystal_walls,
          minmay_quantized
D:3:      layout_loops_ring, nemelex_xobeh_ov_fountains_minmay,
          yredelemnul_forgotten_temple_becter, dk_yredelemnul_ordeal
D:4:      layout_loops_ring, kennysheep_mini, fedhas_bush_and_centaur_altar,
          eat_drink_and_be_merry_uskayaw, lemuel_doored_altar, serial_shops,
          shop, shop, shop_statue, shop, first_ration
D:5:      layout_basic
D:6:      layout_basic, minmay_temple_entry_statues_fountains,
          minmay_stone_trees_medium
Temple:   jpeg_temple_alley_garden

Skill      XL: |  1  2  3  4  5  6  7  8 |
---------------+-------------------------+-----
Crossbows      | 4 5 6 |  6.6
Short Blades   | 1 |  1.3
Armour         | 1 2 3 |  3.7
Maces & Flails | 2 4 5 |  5.9
Fighting       | |  2.0
Throwing       | |  0.1
Dodging        | |  1.7
Stealth        | |  0.8

Action                   |  1- 3 |  4- 6 |  7- 9 || total
-------------------------+-------+-------+-------++-------
Melee: Short sword       |    76 |    38 |       ||   114
       Whip              |       |   113 |   175 ||   288
 Fire: Hand crossbow     |    50 |    53 |     8 ||   111
Throw: Stone             |     3 |       |       ||     3
  Use: Scroll            |       |     2 |     1 ||     3
       Potion            |       |       |     1 ||     1
 Stab: Sleeping          |       |     2 |     1 ||     3
  Eat: Chunk             |     1 |     5 |     4 ||    10
       Ration            |     1 |       |     1 ||     2
Armor: Leather armour    |    19 |    22 |    11 ||    52
       Ring mail         |       |       |    28 ||    28
Dodge: Dodged            |    53 |   101 |    59 ||   213
Block: Other             |       |    42 |    37 ||    79

Table legend:
 A = Non-vault XP
 B = Vault XP
 C = Vault XP percentage of total XP
 D = Non-vault monster count
 E = Vault monster count
 F = Vault count percentage of total count
                 A         B        C        D         E       F
            +---------+---------+-------+---------+---------+-------
      Total |    1657 |     224 |  11.9 |      87 |      16 |  15.5
            +---------+---------+-------+---------+---------+-------
        D:1 |      49 |       3 |   5.8 |      28 |       2 |   6.7
        D:2 |      63 |     100 |  61.3 |      16 |      10 |  38.5
        D:3 |     162 |       3 |   1.8 |      12 |       3 |  20.0
        D:4 |     275 |     118 |  30.0 |      12 |       1 |   7.7
        D:5 |     456 |       0 |   0.0 |      10 |       0 |   0.0
        D:6 |     652 |       0 |   0.0 |       9 |       0 |   0.0
            +---------+---------+-------+---------+---------+-------
